 Dungeon Crawl Stone Soup version 0.19.5 (webtiles) character file.

48 miragecloak the Changer (level 3, -1/23 HPs)
             Began as an Octopode Transmuter on May 10, 2017.
             Slain by a giant cockroach (2 damage)
             ... on level 3 of the Dungeon.
             The game lasted 00:02:44 (2069 turns).

miragecloak the Changer (Octopode Transmuter)       Turns: 2069, Time: 00:02:44

Health: -1/23      AC:  1    Str:  9    XL:     3   Next: 72%
Magic:  6/6        EV: 13    Int: 15    God:
Gold:   108        SH:  0    Dex: 13    Spells: 2 memorised, 2 levels left

rFire  . . .     SeeInvis .       - Unarmed
rCold  . . .     Gourm    .     (no shield)
rNeg   . . .     Faith    .     (helmet restricted)
rPois  .         Spirit   .     j - amulet of regeneration
rElec  .         Reflect  .     (no ring)
rCorr  .         Harm     .     (no ring)
MR     .....                    (no ring)
Stlth  ++........               (no ring)
                                (no ring)
                                (no ring)
                                (no ring)
                                (no ring)

@: no status effects
A: almost no armour, stealthy swim, amphibious, 8 rings, constrict 8, camouflage
1, gelatinous body 1
a: no special abilities


You were on level 3 of the Dungeon.
You were not hungry.

You visited 1 branch of the dungeon, and saw 3 of its levels.

You collected 108 gold pieces.

Inventory:

Missiles
 a - 63 arrows
Jewellery
 j - an amulet of regeneration (around mantle)
Scrolls
 d - 2 scrolls of teleportation {unknown}
 l - 2 scrolls of identify {unknown}
Potions
 e - a potion of curing {unknown}
 h - a potion of lignification {unknown}
 m - a potion of heal wounds {unknown}
Books
 b - a book of Changes

   Spells                             Type                      Level
   a - Beastly Appendage              Transmutation                1
   b - Sticks to Snakes               Transmutation                2
   c - Spider Form                    Transmutation/Poison         3
   d - Ice Form                       Ice/Transmutation            4
   e - Blade Hands                    Transmutation                5
Comestibles
 c - 3 bread rations
 f - a beef jerky
 g - 2 meat rations
 i - a slice of pizza


   Skills:
 - Level 1.0 Fighting
 - Level 2.0 Dodging
 - Level 3.0 Unarmed Combat
 - Level 2.0 Spellcasting
 + Level 3.8 Transmutations
 + Level 0.5 Poison Magic


You had 2 spell levels left.
You knew the following spells:

 Your Spells              Type           Power        Failure   Level  Hunger
a - Beastly Appendage     Tmut           ##....       6%          1    #......
b - Spider Form           Tmut/Pois      #.........   30%         3    ###....


Dungeon Overview and Level Annotations

Branches:
Dungeon (3/15)

Altars:

Annotations:
D:2 Natasha


Innate Abilities, Weirdness & Mutations

You cannot wear most types of armour.
You are very stealthy in the water. (Stealth+)
You are amphibious.
You can wear up to eight rings at the same time.
You can use your tentacles to constrict eight enemies at once.
Your skin changes colour to match your surroundings (Stealth+).
Your rubbery body absorbs attacks. (AC +1, EV +1)


Message History

The giant cockroach completely misses you.
The giant cockroach misses you. The giant cockroach barely misses you.
The giant cockroach misses you. The giant cockroach bites you.
* * * LOW HITPOINT WARNING * * *
The giant cockroach bites you but does no damage.
The giant cockroach closely misses you. The giant cockroach bites you.
* * * LOW HITPOINT WARNING * * *
The giant cockroach barely misses you.
You tentacle-slap the giant cockroach.
You kill the giant cockroach!
The giant cockroach barely misses you.
The giant cockroach waves its antennae.
The giant cockroach bites you but does no damage.
The giant cockroach barely misses you. x2; The giant cockroach bites you.
* * * LOW HITPOINT WARNING * * *
Your tentacle spike disappears.
The giant cockroach bites you.
* * * LOW HITPOINT WARNING * * *
The giant cockroach closely misses you. The giant cockroach bites you.
You die...

#. ... .# #.# ..
#.# ##. ##### #.#
#.. ##$...###.#
#.# ##.s...s##.#
#.# ..
#.....ss@..####.##
..
#?.....ss#†..[...#
#.
#.......s#.####..#
#. .........#.#
#..#######.
##(.....##.#
#.......##.
##....###.#
##.####.##. #####
#.# #.# #.##. ..#
#.####.... #.#
##.##.#.###


You could see 7 giant cockroaches.

Vanquished Creatures
  An ooze (D:1)
  A leopard gecko (D:2)
  7 giant cockroaches
  2 goblins
  6 hobgoblins
  2 jackals (D:1)
  A quokka (D:2)
  A ball python (D:2)
  7 bats
  3 frilled lizards (D:1)
  A kobold (D:1)
  9 rats
41 creatures vanquished.

Notes
Turn   | Place    | Note
-------+----------+-------------------------------------------
     0 | D:1      | miragecloak the Octopode Transmuter began the quest for the Orb.
     0 | D:1      | Reached XP level 1. HP: 13/13 MP: 3/3
   122 | D:1      | Reached XP level 2. HP: 3/18 MP: 5/5
   793 | D:1      | Reached XP level 3. HP: 22/23 MP: 4/6
  1382 | D:2      | Noticed Natasha
  1533 | D:2      | Learned a level 3 spell: Spider Form
  2068 | D:3      | HP: 1/23 [giant cockroach (1)]
  2069 | D:3      | Slain by a giant cockroach

Skill      XL: |  1  2 |
---------------+-------+-----
Transmutations | 3 |  3.8
Fighting       | |  1.0
Dodging        | |  2.0
Unarmed Combat | |  3.0
Spellcasting   | |  2.0
Poison Magic   | |  0.5

Action                   || total
-------------------------++-------
Melee: Unarmed           ||    98
       Kick              ||    22
       Constrict         ||    21
       Tentacles         ||    11
 Cast: Beastly Appendage ||    23
       Spider Form       ||     1
 Stab: Sleeping          ||     5
  Eat: Chunk             ||     4
Armor: Skin              ||    11
Dodge: Dodged            ||    89
